 Dungeon Crawl Stone Soup version 0.31-a0-1620-gcbf77bbcfc (webtiles) character file.

Game seed: 17588282893584343424

1792 Inarius the Chopper (level 9, -3/60 HPs)
             Began as an Octopode Fighter on Jan 11, 2024.
             Was a Priest of Nemelex Xobeh.
             Slain by an unseen horror (9 damage)
             ... on level 7 of the Dungeon.
             The game lasted 00:08:50 (6308 turns).

Inarius the Chopper (Octopode Fighter)              Turns: 6308, Time: 00:08:50

Health: -3/60      AC:  2    Str: 19    XL:     9   Next: 9%
Magic:  12/12      EV: 12    Int: 11    God:    Nemelex Xobeh [***...]
Gold:   296        SH:  8    Dex: 11    Spells: 8/8 levels left

rFire   . . .        a - +0 war axe
rCold   . . .        x - +0 kite shield
rNeg    . . .        i - +1 hat
rPois   .            k - amulet of the acrobat
rElec   .            (no ring)
rCorr   .            (no ring)
SInv    .            (no ring)
Will    .....        (no ring)
Stlth   ++++         (no ring)
HPRegen 0.30/turn    (no ring)
MPRegen 0.13/turn    (no ring)
                     (no ring)

%: acrobat
@: no status effects
A: almost no armour, amphibious, 8 rings, camouflage 1, gelatinous body 1,
(nimble swimmer 1), tentacles
a: Renounce Religion, Draw Escape, Draw Destruction, Draw Summoning, Triple Draw


You were on level 7 of the Dungeon.
You worshipped Nemelex Xobeh.
Nemelex Xobeh was most pleased with you.
You visited 1 branch of the dungeon, and saw 7 of its levels.
You also visited: Sewer.

You collected 404 gold pieces.
You spent 108 gold pieces at shops.

Inventory:

Hand Weapons
 a - a +0 war axe (weapon)
Armour
 i - a +1 hat (worn)
 x - a +0 kite shield (worn)
Jewellery
 k - an amulet of the acrobat (around mantle)
Wands
 n - a wand of flame (24)
 o - a wand of charming (6)
 s - a wand of mindburst (8)
Scrolls
 c - a scroll of blinking
 d - 3 scrolls of immolation {unknown}
 j - 4 scrolls of amnesia
 l - a scroll of torment {unknown}
 t - a scroll of teleportation
 u - 2 scrolls of fear
Potions
 b - a potion of resistance {unknown}
 e - 3 potions of mutation
 f - 4 potions of curing
 g - a potion of degeneration {unknown}
 h - a potion of magic
 m - a potion of cancellation
 q - a potion of lignification
 r - a potion of ambrosia {unknown}
 v - 3 potions of brilliance {unknown}


   Skills:
 + Level 4.9 Fighting
 + Level 6.8 Axes
 + Level 4.5 Dodging
 + Level 5.4 Stealth
 + Level 4.2 Shields
 * Level 4.6 Invocations
 * Level 3.7 Evocations


You had 8 spell levels left.
You didn't know any spells.
Your spell library contained the following spells:

 Spells                   Type           Power      Damage    Failure   Level
 Foxfire                  Conj/Fire      0%         2x1d4     65%         1
 Summon Lightning Spire   Summ/Air       0%         N/A       100%        4
 Lee's Rapid Deconstruct  Erth           0%         3d4*      100%        5
 Plasma Beam              Fire/Air       0%         2x1d10    100%        6
 Starburst                Conj/Fire      0%         6d3       100%        6
 Animate Armour           Summ/Erth      Unusable   N/A       N/A         4

Dungeon Overview and Level Annotations

Branches:
Dungeon (7/15)             Temple (0/1) D:5           Sewer (visited)

Altars:
Cheibriados
Nemelex Xobeh
Okawaru
Trog
Xom
Yredelemnul
Zin

Shops:
D:2 !   D:5 ?

Annotations:
D:7 2 runed translucent doors


Innate Abilities, Weirdness & Mutations

You cannot wear most types of armour.
You are amphibious.
You can wear up to eight rings at the same time.
Your skin changes colour to match your surroundings (Stealth+).
Your rubbery body absorbs attacks. (AC +1, EV +1)
((You are camouflaged when in or above water. (Stealth+)))
You have tentacles for arms and can constrict up to eight enemies at once.


Message History

The magic dart hits you.
You hit the orc wizard.
You kill the orc wizard!
No target in view!
No target in view!
Things that are here:
a +0 dagger; a +0 robe; an orc corpse A jelly comes into view.
A jelly is nearby!
A jelly is nearby!
An orc comes into view. It is wielding a +0 club.
The helpless jelly fails to defend itself.
You hit the jelly.
Your tentacles burn!
You squeeze the jelly!
The jelly is almost dead.
You block the jelly's attack.
You slash the jelly!
You kill the jelly!
Found a box of beasts.
The helpless orc fails to defend itself.
You slice the orc!!
You kill the orc!
No target in view!
No target in view!
Deactivating autopickup; reactivate with Ctrl-A.
You hit something. Your squeeze misses something. Something hits you.
Something hits you! You block something's attack. Something hits you.
You closely miss something. Your squeeze misses something. Something hits you!
Something hits you.
You barely miss something. Something hits you! x2
* * * LOW HITPOINT WARNING * * *
Something hits you.
* * * LOW HITPOINT WARNING * * *
You slash something! Something hits you but does no damage. Something hits you!
* * * LOW HITPOINT WARNING * * *
You miss something. You squeeze something! Something hits you.
* * * LOW HITPOINT WARNING * * *
Something hits you!
You die...
Your body disappears without a glow.

....OV+..###....#
8....8#.## .....
#8=)8##.###......
######..........
#'###....#
###...##...#
#}##.#.# ...
#.#.##.# ..
#@##.#)# .
#).###.# ##....##
######


There were no monsters in sight!

Vanquished Creatures
  An ice beast (D:6)
  3 ogres
  A phantom (D:3)
  2 gnoll sergeants (D:5)
  2 bullfrogs (Sewer)
  A howler monkey (D:6)
  2 bombardier beetles (D:5)
  2 orc priests
  7 jellies
  3 iguanas
  5 orc wizards
  A sleepcap (D:5)
  7 gnolls
  A river rat (D:6)
  13 adders
  2 white imps
  7 ribbon worms
  7 dart slugs
  8 orcs
  9 ball pythons
  8 endoplasms
  14 giant cockroaches
  10 goblins
  7 hobgoblins
  5 jackals
  3 quokkas
  4 bats
  9 frilled lizards
  10 kobolds
  9 rats
163 creatures vanquished.

Vanquished Creatures (collateral kills)
  An ice beast (D:4)
  An ogre (D:5)
  4 gnolls
6 creatures vanquished.

Grand Total: 169 creatures vanquished

Notes
Turn   | Place    | Note
-------+----------+-------------------------------------------
     0 | D:1      | Inarius the Octopode Fighter began the quest for the Orb.
     0 | D:1      | Reached XP level 1. HP: 16/16 MP: 1/1
   224 | D:1      | Reached XP level 2. HP: 21/21 MP: 2/2
   853 | D:1      | HP: 1/21 [kobold/+0 short sword of distortion (6)]
  1089 | D:2      | Reached XP level 3. HP: 24/26 MP: 3/3
  1222 | D:2      | Reached skill level 1 in Stealth
  1237 | D:2      | Reached XP level 4. HP: 12/31 MP: 4/4
  1419 | D:2      | Found a sparkling altar of Nemelex Xobeh.
  1424 | D:2      | Became a worshipper of Nemelex Xobeh the Trickster
  1436 | D:2      | Found Woebo's Distillery.
  1635 | D:2      | Bought a potion of curing for 30 gold pieces
  1767 | D:2      | Reached skill level 3 in Axes
  2211 | D:3      | Reached * piety under Nemelex Xobeh
  2217 | D:3      | Noticed an ogre
  2225 | D:3      | Killed an ogre
  2226 | D:3      | Reached skill level 1 in Invocations
  2226 | D:3      | Reached XP level 5. HP: 36/36 MP: 4/6
  2262 | D:3      | Reached XP level 6. HP: 43/43 MP: 7/7
  2321 | D:3      | Found a glowing silver altar of Zin.
  2437 | D:3      | Reached skill level 4 in Axes
  2626 | D:3      | Received a gift from Nemelex Xobeh
  2980 | D:4      | Reached ** piety under Nemelex Xobeh
  2980 | D:4      | Found a shimmering altar of Xom.
  2981 | D:4      | Found a bloodstained altar of Trog.
  2985 | D:4      | Found a basalt altar of Yredelemnul.
  2990 | D:4      | Reached XP level 7. HP: 41/47 MP: 8/8
  3011 | D:4      | Found an iron altar of Okawaru.
  3362 | D:4      | Found a snail-covered altar of Cheibriados.
  3508 | D:5      | Entered Level 5 of the Dungeon
  3591 | D:5      | Reached skill level 1 in Evocations
  3695 | D:5      | Found Yrphedui's Magic Scroll Shop.
  3701 | D:5      | Reached skill level 5 in Axes
  3710 | D:5      | Bought a scroll of identify for 26 gold pieces
  3710 | D:5      | Bought a scroll of identify for 26 gold pieces
  3710 | D:5      | Bought a scroll of identify for 26 gold pieces
  3766 | D:5      | Found a staircase to the Ecumenical Temple.
  3992 | D:5      | Reached XP level 8. HP: 43/54 MP: 10/10
  4491 | D:5      | Reached skill level 6 in Axes
  4638 | D:6      | Found a glowing drain.
  4735 | Sewer    | Entered a sewer
  4850 | Sewer    | Reached *** piety under Nemelex Xobeh
  5469 | D:6      | Reached skill level 5 in Stealth
  5511 | D:6      | Reached XP level 9. HP: 7/60 MP: 12/12
  6240 | D:7      | Found a large runed translucent door.
  6241 | D:7      | Found a large runed translucent door.
  6251 | D:7      | Noticed a two-headed ogre
  6308 | D:7      | Slain by an unseen horror

Illustrated notes

Levels and vault maps discovered:
D:1:      elethiomel_arrival_maze, layout_basic, minmay_misc_feat_ornament
D:2:      layout_basic, serial_shops, shop, basic_altar, minmay_small_reverse_x
D:3:      layout_basic, mainiacjoe_overflow_tiny_flanked, serial_rivers,
          chequers_serial_rivers_micro_a, chequers_serial_rivers_small_a,
          chequers_serial_rivers_micro_c, chequers_serial_rivers_micro_d,
          minmay_ogre_servants
D:4:      layout_cave_pools, slow_altar_2, grunt_temple_overflow_open,
          serial_bayou, serial_bayou_ford_a, serial_bayou_lagoon_a,
          serial_bayou_pond_d, serial_bayou_pond_c, serial_bayou_lagoon_b
D:5:      layout_rooms, minmay_temple_entry_steel_oval, serial_shops, shop
D:6:      layout_basic, portal_sewer_entry_b, nicolae_the_louvre
D:7:      layout_layer_cave, minmay_hollow_rounded_squares

Skill      XL: |  1  2  3  4  5  6  7  8 |
---------------+-------------------------+-----
Stealth        | 1 2 3 4 5 |  5.4
Axes           | 3 4 5 6 |  6.8
Invocations    | 1 2 3 4 |  4.6
Evocations     | 2 3 |  3.7
Fighting       | 4 |  4.9
Dodging        | 4 |  4.5
Shields        | 4 |  4.2

Action                     |  1- 3 |  4- 6 |  7- 9 || total
---------------------------+-------+-------+-------++-------
  Melee: War axe           |    66 |    86 |   168 ||   320
         Tentacles         |    15 |    16 |    47 ||    78
         Constrict         |    11 |    18 |    39 ||    68
         Punch             |       |       |     3 ||     3
 Invoke: Draw Summoning    |       |       |     1 ||     1
  Evoke: Wand              |       |       |    15 ||    15
    Use: Potion            |       |     1 |       ||     1
         Scroll            |       |       |    12 ||    12
   Stab: Sleeping          |     3 |     7 |    12 ||    22
 Armour: Skin              |    35 |    28 |    90 ||   153
  Dodge: Dodged            |    48 |    40 |    67 ||   155
  Block: Buckler           |    22 |    13 |    13 ||    48
         Kite shield       |       |       |    37 ||    37

Table legend: (Time is in decaauts)
 A = Elapsed time spent in this place.
 B = Non-inter-level travel time spent in this place.
 C = Inter-level travel time spent in this place.
 D = Time resting spent in this place.
 E = Time spent auto-exploring this place.
 F = Levels seen in this place.
 G = Mean time per level.
                   A        B        C        D        E       F      G
               +--------+--------+--------+--------+--------+-----+--------+
         Total |   6422 |   6194 |    228 |   1132 |   3680 |   8 |  802.8 |
       Dungeon |   6067 |   5839 |    228 |   1046 |   3639 |   7 |  866.7 |
         Sewer |    355 |    355 |      0 |     86 |     41 |   1 |  355.0 |
               +--------+--------+--------+--------+--------+-----+--------+

Top non-repeatable levels by time:
     D:6: 1365 daAuts
     D:1: 1087 daAuts
     D:2: 1056 daAuts
     D:4: 983 daAuts
     D:5: 800 daAuts
     D:3: 703 daAuts
   Sewer: 355 daAuts
     D:7: 71 daAuts
